 Dungeon Crawl Stone Soup version 0.26.0-3-g156281e41b (webtiles) character file.

Game seed: 7923280249006809884

39 EnegeticOcto the Covered (level 3, -5/34 HPs)
             Began as a Deep Dwarf Fighter on Jan 9, 2021.
             Slain by Sigmund
             ... wielding a +2 scythe of protection
              (7 damage)
             ... on level 2 of the Dungeon.
             The game lasted 00:00:31 (949 turns).

EnegeticOcto the Covered (Deep Dwarf Fighter)        Turns: 949, Time: 00:00:31

Health: -5/34      AC:  8    Str: 20    XL:     3   Next: 28%
Magic:  2/2        EV:  7    Int:  8    God:
Gold:   118        SH:  0    Dex: 12    Spells: 2/2 levels left

rFire    . . .     SeeInvis .   a - +0 war axe
rCold    . . .     Faith    .   c - +0 kite shield
rNeg     . . .     Spirit   .   b - +0 scale mail
rPois    .         Reflect  .   h - +0 helmet (curse)
rElec    .         Harm     .   (no cloak)
rCorr    .         Rampage  .   (no gloves)
Will     .....                  (no boots)
Stlth    ..........             (no amulet)
HPRegen  0.00/turn              (no ring)
MPRegen  0.08/turn              (no ring)

@: confused, non-regenerating
A: damage resistance, heal wounds, sense surroundings 1, no regeneration
a: Heal Wounds


You were on level 2 of the Dungeon.
You visited 1 branch of the dungeon, and saw 2 of its levels.

You collected 118 gold pieces.

Inventory:

Hand Weapons
 a - a +0 war axe (weapon)
 m - a +1 dagger of distortion
Armour
 b - a +0 scale mail (worn)
 c - a +0 kite shield (worn)
 h - a cursed +0 helmet (worn)
Wands
 n - a wand of paralysis (6)
Scrolls
 e - 2 scrolls of identify {unknown}
 f - a scroll of magic mapping {unknown}
 k - 3 scrolls of remove curse {unknown}
 o - a scroll of amnesia {unknown}
 p - a scroll of teleportation {unknown}
Potions
 d - 2 potions of might {@q3}
 g - 2 potions of brilliance {unknown}
 i - a potion of cancellation {unknown}
 j - a potion of attraction {unknown}
 l - a potion of resistance {unknown}


   Skills:
 + Level 3.0 Fighting
 * Level 3.1 Axes
 + Level 3.6 Armour
 + Level 3.6 Shields


You had 2 spell levels left.
You didn't know any spells.
Your spell library was empty.

Dungeon Overview and Level Annotations

Branches:
Dungeon (2/15)

Altars:
Trog
The Shining One

Annotations:
D:2 Sigmund


Innate Abilities, Weirdness & Mutations

You are resistant to damage.
You can heal yourself by infusing magical energy.
You passively map a small area around you.
You do not regenerate.


Message History

The adder is almost dead.
The adder bites you.
You are more poisoned.
The adder poisons you! The adder barely misses you.
You closely miss the adder.
The adder is almost dead.
You block the adder's attack. The adder barely misses you.
You slash the adder!
You kill the adder!
No target in view!
No target in view!
No target in view!
You are no longer poisoned.
There is a stone staircase leading down here.
You open the door.
There is an open door here.
k - 3 scrolls labelled FUQUSE SOJE (gained 1)
You open the door.
There is an open door here.
You open the door.
There is an open door here.
As you open the door, it creaks loudly!
You hear a shout!
There is an open door here.
Sigmund the Dreaded comes into view.
He is wielding a +2 scythe of protection and wearing a +1 robe of willpower.
Sigmund shouts!
Sigmund breathes a few words.
Sigmund's hands start flickering wildly.
Sigmund is nearby!
Sigmund is nearby!
Sigmund screams, "Don't try to resist!"
Sigmund hits you but does no damage.
You hit Sigmund.
Sigmund is lightly wounded.
Sigmund gestures at himself while chanting.
Sigmund flickers and vanishes!
Deactivating autopickup; reactivate with Ctrl-A.
No target in view!
No target in view!
No target in view!
No target in view!
No target in view!
No target in view!
No target in view!
There is a strange disturbance nearby!
There is a strange disturbance nearby!
No target in view!
You barely miss something. Something hits you but does no damage.
You barely miss something. You block something's attack.
You miss something. Something hits you.
You barely miss something. Something hits you.
You barely miss something.
You hear some strange, mumbled words.
A puff of flame appears from out of thin air!
The puff of flame hits you!
You miss something. Something hits you.
You feel much better. Something hits you!
You barely miss something. Something hits you!
You hit something.
You hear some strange, mumbled words.
Something tries to affect you, but you resist.
You hit something. You block something's attack.
You hit something. Something hits you!
Your shield and scale mail prevent you from hitting something.
Something hits you.
Your magical essence is drained by the effort!
You feel much better.
You hit something but do no damage. Something hits you but does no damage.
You barely miss something.
You hear some strange, mumbled words.
You are confused.
You hear some strange, mumbled words.
You are more confused.
You're too confused to move!
Something hits you but does no damage.
You completely miss something.
You hear some strange, mumbled words.
You are more confused.
Something hits you but does no damage.
Your scale mail prevents you from hitting something.
Something hits you.
You completely miss something.
You hear some strange, mumbled words.
Something tries to affect you, but you resist.
Something hits you.
You miss something.
You hear some strange, mumbled words.
A magic dart appears from out of thin air!
The magic dart hits you but does no damage.
You hit something. Something hits you! Something hits you!
You are too confused!
You miss something. Something hits you.
You miss something. Something hits you.
* * * LOW HITPOINT WARNING * * *
You bump into the rock wall.
You hear some strange, mumbled words.
A magic dart appears from out of thin air!
The magic dart hits you.
* * * LOW HITPOINT WARNING * * *
You barely miss something. Something hits you!
You die...

* ####* ...## * *#..#
##########
##.#####.#####........##
.......@{....'..........
##....###.####..........
#..., #.# #........##
#.. ,* #.# #........#.
#. , #.# #........#. #,
, #.. ######'#.## *##.
####.#.#. , . *
#......#+ * #.##.....


There were no monsters in sight!

Vanquished Creatures
  An adder (D:2)
  2 dart slugs
  A leopard gecko (D:1)
  7 goblins
  A hobgoblin (D:1)
  4 kobolds
  A quokka (D:2)
  2 bats (D:2)
  4 frilled lizards
  3 rats
26 creatures vanquished.

Notes
Turn   | Place    | Note
-------+----------+-------------------------------------------
     0 | D:1      | EnegeticOcto the Deep Dwarf Fighter began the quest for the
                  | Orb.
     0 | D:1      | Reached XP level 1. HP: 20/20 MP: 1/1
   154 | D:1      | Reached XP level 2. HP: 27/27 MP: 2/2
   611 | D:2      | Found a glowing golden altar of the Shining One.
   611 | D:2      | Found a bloodstained altar of Trog.
   774 | D:2      | Reached XP level 3. HP: 30/33 MP: 3/3
   916 | D:2      | Noticed Sigmund
   949 | D:2      | Slain by Sigmund

Illustrated notes

Levels and vault maps discovered:
D:1:      mainiacjoe_arrival_reflecting_pool, layout_basic, supply_closet_lemuel
D:2:      layout_basic, gammafunk_temple_overflow_wave, glass_columns_a,
          uniq_sigmund

Skill      XL: |  1  2  3 |
---------------+----------+-----
Axes           | 3 |  3.1
Fighting       | 3 |  3.0
Armour         | |  3.6
Shields        | |  3.6

Action                   || total
-------------------------++-------
Melee: War axe           ||   110
 Abil: Heal Wounds       ||     2
Armor: Scale mail        ||    44
Dodge: Dodged            ||    22
Block: Kite shield       ||    57
